 Dungeon Crawl Stone Soup version 0.25-a0-44-g29a1220a87 (webtiles) character file.

Game seed: 1701437092105134444, levelgen mode: deterministic

37 Alarkh the Slasher (level 3, 29/29 HPs)
             Began as a Demonspawn Fighter on Oct 23, 2019.
             Was a Follower of Vehumet.
             Got out of the dungeon alive.
             The game lasted 00:00:45 (528 turns).

Alarkh the Slasher (Demonspawn Fighter)              Turns: 528, Time: 00:00:45

Health: 29/29      AC:  6    Str: 16    XL:     3   Next: 23%
Magic:  3/3        EV:  6    Int: 10    God:    Vehumet [*.....]
Gold:   76         SH:  8    Dex: 12    Spells: 2/2 levels left

rFire    . . .     SeeInvis .   a - +0 long sword
rCold    . . .     Gourm    .   c - +0 shield
rNeg     . . .     Faith    .   b - +0 scale mail
rPois    .         Spirit   .   (no helmet)
rElec    .         Reflect  .   (no cloak)
rCorr    .         Harm     .   (no gloves)
MR       .....                  (no boots)
Stlth    ..........             (no amulet)
HPRegen  0.09/turn              (no ring)
MPRegen  0.08/turn              (no ring)

@: no status effects
A: powered by pain 1
a: Renounce Religion


You escaped.
You worshipped Vehumet.
Vehumet was aware of your devotion.
You were not hungry.

You visited 1 branch of the dungeon, and saw 2 of its levels.

You collected 76 gold pieces.

Inventory:

Hand Weapons
 a - a +0 long sword (weapon)
Armour
 b - a +0 scale mail (worn)
 c - a +0 shield (worn)
Scrolls
 j - 2 scrolls of remove curse {unknown}
Potions
 d - a potion of might
 e - a potion of curing {unknown}
 h - a potion of mutation {unknown}
 i - a potion of degeneration {unknown}
Comestibles
 f - 2 rations
 g - 4 chunks of flesh


   Skills:
 - Level 3.0 Fighting
 + Level 3.4 Long Blades
 - Level 2.6 Armour
 - Level 2.6 Shields


You had 2 spell levels left.
You didn't know any spells.
Your spell library was empty.

Dungeon Overview and Level Annotations

Branches:
Dungeon (2/15)

Altars:
Vehumet
The Shining One


Innate Abilities, Weirdness & Mutations

You sometimes gain a little power by taking damage.


Message History

You hit the kobold but do no damage. You block the kobold's attack.
You closely miss the kobold. You block the kobold's attack.
The kobold barely misses you.
Your shield prevents you from hitting the kobold.
The kobold hits you but does no damage.
You miss the kobold. The kobold closely misses you.
The kobold barely misses you.
You closely miss the kobold. The kobold barely misses you.
You riposte.
You slash the kobold!
You kill the kobold!
Vehumet accepts your kill.
No target in view!
No target in view!
(D) Dungeon
Where to? (Enter - D:1 @ (x,y), ? - help)
You see here a stone.
There is an open gate here.
There is a staircase leading out of the dungeon here.
Are you sure you want to leave the Dungeon?
This will make you lose the game!
You have escaped!

###############
#......@......#
#.............#
##...#####...##
#...## ##...#
##...# #...##
#...###...#
##...#...##.....
#...#...#......
##.....##......


There were no monsters in sight!

Vanquished Creatures
  An ooze (D:1)
  A leopard gecko (D:2)
  2 ball pythons (D:1)
  5 bats
  2 giant cockroaches
  A goblin (D:1)
  2 hobgoblins
  4 jackals (D:1)
  2 frilled lizards (D:1)
  4 kobolds
  5 rats
29 creatures vanquished.

Notes
Turn   | Place    | Note
-------+----------+-------------------------------------------
     0 | D:1      | Alarkh the Demonspawn Fighter began the quest for the Orb.
     0 | D:1      | Reached XP level 1. HP: 18/18 MP: 1/1
   107 | D:1      | Gained mutation: You sometimes gain a little power by
                  | taking damage. [demonic ancestry]
   107 | D:1      | Reached XP level 2. HP: 14/24 MP: 2/2
   291 | D:1      | Reached XP level 3. HP: 29/29 MP: 3/3
   322 | D:2      | Found a glowing golden altar of the Shining One.
   362 | D:2      | Found a faded altar of an unknown god.
   450 | D:2      | Became a worshipper of Vehumet
   450 | D:2      | Reached * piety under Vehumet
   450 | D:2      | Offered knowledge of Sandblast by Vehumet.
   528 | D:$      | Got out of the dungeon alive.

Levels and vault maps discovered:
D:1:      lemuel_arrival_funnel, layout_rooms
D:2:      layout_basic, nicolae_overflow_crystal_walls, minitemple,
          chequers_ecumenical_altar_simple_redux

Skill      XL: |  1  2 |
---------------+-------+-----
Long Blades    | 2 3 |  3.4
Fighting       | |  3.0
Armour         | |  2.6
Shields        | |  2.6

Action                   || total
-------------------------++-------
Melee: Long sword        ||    83
Armor: Scale mail        ||    41
Dodge: Dodged            ||    29
Block: Shield            ||    55
       Rpst.: Long sword ||     8

Table legend:
 A = Non-vault XP
 B = Vault XP
 C = Vault XP percentage of total XP
 D = Non-vault monster count
 E = Vault monster count
 F = Vault count percentage of total count
                 A         B        C        D         E       F
            +---------+---------+-------+---------+---------+-------
      Total |      54 |       0 |   0.0 |      29 |       0 |   0.0
            +---------+---------+-------+---------+---------+-------
        D:1 |      43 |       0 |   0.0 |      22 |       0 |   0.0
        D:2 |      11 |       0 |   0.0 |       7 |       0 |   0.0
            +---------+---------+-------+---------+---------+-------
